 Dungeon Crawl Stone Soup version 0.20-a0-537-g052e6ba (webtiles) character file.

10670 kae the Martial Artist (level 11, -2/92 HPs)
             Began as a Black Draconian Transmuter on Jan 27, 2017.
             Was a High Priest of Okawaru.
             Slain by a yak (7 damage)
             ... on level 11 of the Dungeon.
             The game lasted 00:18:43 (15224 turns).

kae the Martial Artist (DrTm)                      Turns: 15224, Time: 00:18:44

Health: -2/92      AC:  9    Str: 12    XL:     11   Next: 39%
Magic:  0/21       EV: 12    Int: 14    God:    Okawaru [*****.]
Gold:   547        SH:  0    Dex: 15    Spells: 14/23 levels left

rFire    . . .     SeeInvis +     - Unarmed
rCold    . . .     Gourm    .   (armour unavailable)
rNeg     . . .     Faith    .   (shield currently unavailable)
rPois    +         Spirit   +   (helmet restricted)
rElec    +         Reflect  .   o - +1 cloak
rCorr    .         Harm     .   (gloves currently unavailable)
MR       .....                  (no boots)
Stlth    +.........             s - amulet of guardian spirit
Regen    0.3/turn               d - ring of see invisible
                                A - ring of poison resistance

@: blade hands
A: breathe lightning, unfitting armour, electricity resistance, cold-blooded, AC
+7
a: Breathe Lightning, End Transformation, Heroism, Finesse, Renounce Religion


You were on level 11 of the Dungeon.
You worshipped Okawaru.
Okawaru was extremely pleased with you.
You were near starving.
You had blades for hands.
You visited 2 branches of the dungeon, and saw 12 of its levels.

You collected 547 gold pieces.

Inventory:

Missiles
 a - 94 arrows
Armour
 o - a +1 cloak (worn)
Jewellery
 d - a ring of see invisible (right scythe-like blade)
 f - a +3 ring of protection
 s - an amulet of guardian spirit (around neck)
 u - an uncursed ring of ice
 v - an uncursed ring of wizardry
 w - a +3 amulet of reflection {unknown}
 x - an uncursed ring of stealth
 A - a ring of poison resistance (left scythe-like blade)
 D - a +3 ring of protection
 J - an uncursed amulet of the gourmand {unknown}
Wands
 B - a wand of flame (24/48)
 F - a wand of paralysis (8/24)
 G - a wand of random effects (25/48)
 H - a wand of lightning (5/15)
 L - a wand of flame (21/48)
Scrolls
 m - 3 scrolls of remove curse
 y - 3 scrolls of teleportation
 z - 4 scrolls of enchant weapon
Potions
 e - a potion of mutation
 k - 2 potions of haste
 l - a potion of agility
 t - a potion of resistance
 C - 2 potions of lignification
 E - a potion of ambrosia
 I - a potion of might
Books
 b - a book of Changes

   Spells                             Type                      Level
   a - Beastly Appendage              Transmutation                1
   b - Sticks to Snakes               Transmutation                2
   c - Spider Form                    Transmutation/Poison         3
   d - Ice Form                       Ice/Transmutation            4
   e - Blade Hands                    Transmutation                5
 j - a book of Cantrips

   Spells                             Type                      Level
   a - Confusing Touch                Hexes                        1
   b - Animate Skeleton               Necromancy                   1
   c - Summon Small Mammal            Summoning                    1
   d - Apportation                    Translocation                1
Comestibles
 c - 6 bread rations
 h - 7 fruits
 i - 6 meat rations
 p - 2 royal jellies


   Skills:
 + Level 7.3 Fighting
 - Level 1.7 Dodging
 * Level 10.5 Unarmed Combat
 + Level 6.8 Spellcasting
 * Level 10.4 Transmutations
 * Level 5.1 Evocations


You had 14 spell levels left.
You knew the following spells:

 Your Spells              Type           Power        Failure   Level  Hunger
a - Beastly Appendage     Tmut           ####..       10%         1    None
b - Spider Form           Tmut/Pois      ###.......   41%         3    ##.....
c - Blade Hands           Tmut           ####......   41%         5    ######.


Dungeon Overview and Level Annotations

Branches:
Dungeon (11/15)            Temple (1/1) D:6            Lair (0/6) D:8
    Orc (0/2) D:11

Altars:
Ashenzari
Cheibriados
Dithmenos
Elyvilon
Fedhas
Gozag
Hepliaklqana
Kikubaaqudgha
Makhleb
Nemelex Xobeh
Okawaru
Qazlal
Ru
Sif Muna
Trog
Uskayaw
Vehumet
Xom
Yredelemnul
Zin
The Shining One


Innate Abilities, Weirdness & Mutations

You can breathe wild blasts of lightning.
Your glossy black scales are hard. (AC +7)
You cannot fit into any form of body armour.
You are resistant to electric shocks. (rElec)
You are cold-blooded and may be slowed by cold attacks.


Message History

The yak gores you!
* * * LOW HITPOINT WARNING * * *
You slash the yak!
The yak is almost dead.
The yak barely misses you.
You slice the yak!!
You kill the yak!
Okawaru accepts your kill.
You swing at nothing.
You slice the yak!!
The yak is severely wounded.
The yak gores you!
* * * LOW HITPOINT WARNING * * *
You slice the yak!!
You kill the yak!
Okawaru accepts your kill.
You slash the yak!
The yak is moderately wounded.
The yak gores you!
You die...

###.### #....## #.# #.....#
##.....## #.#
#.###.#######.......######.#
#.# #......................#
#.###.######........########
#.....# #.#.....## #######
#......## ###.#### #@# #Y#
#.# #.# #.# #.# ... #.#


You could see a yak.

Vanquished Creatures
  A manticore (D:11)
  2 ugly things (D:11)
  A cyclops (D:11)
  A centaur zombie (D:11)
  2 trolls (D:11)
  Prince Ribbit (D:7)
  4 hippogriffs
  A meliai zombie (D:11)
  2 wyverns
  14 yaks
  2 basilisks (D:8)
  Menkaure (D:7)
  2 water moccasins
  6 orc warriors
  3 ice beasts
  A sky beast (D:8)
  2 necrophages (D:9)
  6 ogres
  A phantom (D:10)
  2 centaurs
  A big kobold (D:11)
  3 bullfrogs
  A wyvern zombie (D:7)
  4 scorpions
  4 killer bees (D:7)
  A howler monkey (D:6)
  3 crimson imps
  2 bullfrog zombies (D:7)
  2 quasits (D:7)
  A jelly (D:4)
  9 orc priests
  6 hounds
  2 gnoll shamans (D:4)
  3 iguanas
  Natasha (thrice) (D:2)
  9 orc wizards
  9 worker ants
  4 hound zombies
  A hound skeleton (D:5)
  3 worker ant zombies
  A howler monkey skeleton (D:4)
  13 gnolls
  12 adders
  2 shadow imps
  2 oozes
  An adder skeleton (D:5)
  2 adder zombies
  4 worms
  3 dart slugs
  4 leopard geckos
  52 orcs
  8 giant cockroaches
  8 goblins
  4 hobgoblins
  6 jackals
  7 kobolds
  5 quokkas
  2 ball pythons (D:1)
  9 bats
  5 frilled lizards
  A giant cockroach zombie (D:5)
  A jackal skeleton (D:4)
  2 jackal zombies
  2 leopard gecko skeletons
  A quokka skeleton (D:6)
  9 rats
  2 plants (D:1)
294 creatures vanquished.

Notes
Turn   | Place    | Note
-------+----------+-------------------------------------------
     0 | D:1      | kae the Draconian Transmuter began the quest for the Orb.
     0 | D:1      | Reached XP level 1. HP: 16/16 MP: 3/3
   299 | D:1      | Reached XP level 2. HP: 9/23 MP: 5/5
   882 | D:1      | Reached XP level 3. HP: 14/28 MP: 6/6
  1931 | D:2      | Reached XP level 4. HP: 35/36 MP: 7/7
  2208 | D:2      | Found a burning altar of Makhleb.
  2209 | D:2      | Found a shimmering altar of Xom.
  2251 | D:2      | Noticed Natasha
  2262 | D:2      | Killed Natasha
  2401 | D:2      | Noticed Natasha
  2416 | D:2      | Killed Natasha
  2416 | D:2      | Reached XP level 5. HP: 15/42 MP: 8/8
  2729 | D:2      | Noticed Natasha
  2737 | D:2      | Killed Natasha
  2971 | D:3      | Found a white marble altar of Elyvilon.
  3862 | D:3      | Found a shattered altar of Ashenzari.
  3866 | D:3      | Saw a vision of the Shoals and the Snake Pit.
  3866 | D:3      | Noticed a naga
  3866 | D:3      | Noticed a naga sharpshooter
  3866 | D:3      | Noticed a naga
  3866 | D:3      | Noticed a merfolk
  3866 | D:3      | Noticed a hippogriff
  3866 | D:3      | Noticed a centaur
  3867 | D:3      | Noticed a guardian serpent
  3868 | D:3      | Noticed a black mamba
  3869 | D:3      | Noticed a hippogriff
  3960 | D:4      | Reached XP level 6. HP: 31/50 MP: 10/10
  4289 | D:4      | Learned a level 3 spell: Spider Form
  4297 | D:4      | Reached skill level 5 in Unarmed Combat
  4612 | D:4      | Your scales start taking on a glossy black colour.
  4612 | D:4      | Reached XP level 7. HP: 44/57 MP: 8/11
  4612 | D:4      | Gained mutation: You are resistant to electric shocks. (rElec) [Black Draconian growth]
  4619 | D:4      | Reached skill level 5 in Transmutations
  5664 | D:4      | Reached XP level 8. HP: 60/66 MP: 13/13
  5747 | D:5      | Entered Level 5 of the Dungeon
  5854 | D:5      | Found a snail-covered altar of Cheibriados.
  6471 | D:6      | Found a staircase to the Ecumenical Temple.
  6728 | Temple   | Entered the Ecumenical Temple
  6923 | Temple   | Became a worshipper of Warmaster Okawaru
  8303 | D:7      | Reached skill level 5 in Fighting
  8321 | D:7      | Noticed Menkaure
  8336 | D:7      | Killed Menkaure
  8336 | D:7      | Reached * piety under Okawaru
  8336 | D:7      | Reached XP level 9. HP: 66/74 MP: 12/15
  8905 | D:7      | Noticed Prince Ribbit
  8930 | D:7      | Killed Prince Ribbit
  9531 | D:7      | Noticed a brown ugly thing
 10122 | D:8      | Reached skill level 5 in Spellcasting
 10132 | D:8      | Reached ** piety under Okawaru
 10224 | D:8      | Found a staircase to the Lair.
 11021 | D:8      | Reached XP level 10. HP: 56/83 MP: 11/18
 11319 | D:8      | Reached *** piety under Okawaru
 11898 | D:9      | Reached skill level 1 in Evocations
 11926 | D:9      | Found a shadowy altar of Dithmenos.
 12562 | D:9      | Reached **** piety under Okawaru
 12787 | D:9      | Learned a level 5 spell: Blade Hands
 12911 | D:9      | Found an opulent altar of Gozag.
 12911 | D:9      | Found a bloodstained altar of Trog.
 12916 | D:9      | Found a sparkling altar of Nemelex Xobeh.
 12918 | D:9      | Found a hazy altar of Hepliaklqana.
 12919 | D:9      | Found a stormy altar of Qazlal.
 12982 | D:10     | Entered Level 10 of the Dungeon
 13896 | D:11     | Noticed a brown ugly thing
 13902 | D:11     | Killed a brown ugly thing
 13943 | D:11     | Reached skill level 10 in Unarmed Combat
 13944 | D:11     | Noticed a cyclops
 13955 | D:11     | Killed a cyclops
 14217 | D:11     | Reached skill level 10 in Transmutations
 14217 | D:11     | Reached XP level 11. HP: 72/91 MP: 10/20
 14405 | D:11     | Reached ***** piety under Okawaru
 14650 | D:11     | Noticed a red ugly thing
 14651 | D:11     | Found a staircase to the Orcish Mines.
 14960 | D:11     | Killed a red ugly thing
 15192 | D:11     | Reached skill level 5 in Evocations
 15216 | D:11     | Received a gift from Okawaru
 15222 | D:11     | HP: 4/92 [yak (14)]
 15224 | D:11     | Slain by a yak

Vault maps used:
D:1:      roderic_crop_circles_arrival_small, st_stairs_11, minmay_pentomino_v4
D:2:      minitemple, uniq_natasha
D:3:      lemuel_crystal_altar, grunt_ashenzari_visionary
D:4:      kennysheep_windowed_goal
D:5:      first_bread, kennysheep_slug_shrine
D:6:      temple_fountains
D:7:      kennysheep_generic_room_13, uniq_prince_ribbit1, uniq_menkaure
D:8:      david_lair_generic
D:9:      lemuel_round_altar, chequers_temple_overflow_minitemple
D:11:     david_orc_4
Temple:   minmay_temple_curvy_loop

Skill      XL: |  1  2  3  4  5  6  7  8  9 10 11 |
---------------+----------------------------------+-----
Transmutations | 3 4 5 7 9 10 | 10.4
Fighting       | 2 3 4 5 6 7 |  7.3
Unarmed Combat | 4 5 7 9 10 | 10.5
Spellcasting   | 3 4 5 6 |  6.8
Evocations     | 4 5 |  5.1
Dodging        | |  1.7

Action                   |  1- 3 |  4- 6 |  7- 9 | 10-12 || total
-------------------------+-------+-------+-------+-------++-------
Melee: Unarmed           |   324 |   226 |   627 |   312 ||  1489
       Tailslap          |    40 |    25 |    48 |    32 ||   145
       Punch             |     4 |     3 |    12 |    14 ||    33
       Kick              |    11 |     8 |    21 |     2 ||    42
       Headbutt          |     2 |    10 |    12 |     8 ||    32
 Cast: Beastly Appendage |     9 |    15 |    21 |     6 ||    51
       Spider Form       |       |     2 |    20 |     5 ||    27
       Blade Hands       |       |       |       |    13 ||    13
Invok: Heroism           |       |       |     1 |    10 ||    11
 Abil: Breathe Lightning |       |       |     5 |       ||     5
Evoke: Wand              |       |       |       |     1 ||     1
  Use: Scroll            |     6 |     4 |     9 |     3 ||    22
       Potion            |       |     3 |     4 |     7 ||    14
  Eat: Chunk             |     4 |     9 |    23 |    17 ||    53
       Fruit             |       |       |     1 |       ||     1
Armor: Skin              |    60 |    92 |   210 |   117 ||   479
Dodge: Dodged            |   109 |   150 |   443 |   180 ||   882
